[Event "Live Chess"]
[Site "Chess.com"]
[Date "2011.01.21"]
[Round "-"]
[White "spike7780"]
[Black "hipposcottimus"]
[Result "1-0"]
[CurrentPosition "8/5K1k/8/8/8/7R/8/8 b - -"]
[Timezone "UTC"]
[ECO "C20"]
[ECOUrl "https://www.chess.com/openings/Portuguese-Opening"]
[UTCDate "2011.01.21"]
[UTCTime "02:41:55"]
[WhiteElo "1356"]
[BlackElo "1407"]
[TimeControl "600"]
[Termination "spike7780 won by checkmate"]
[StartTime "02:41:55"]
[EndDate "2011.01.21"]
[EndTime "02:57:34"]
[Link "https://www.chess.com/game/live/89697105"]

1. e4 e5 2. Bb5 Nc6 3. Bxc6 dxc6 4. Nf3 Bd6 5. h3 c5 6. d3 f5 7. Qe2 Nf6 8. Bg5 fxe4 9. Qxe4 Nxe4 10. Bxd8 O-O 11. dxe4 Rxd8 12. Nc3 c4 13. Nd5 c6 14. Ne3 c3 15. bxc3 Bc5 16. O-O Bxe3 17. fxe3 b6 18. Nxe5 Re8 19. Nxc6 Rxe4 20. Rf3 Bb7 21. Nd4 Ba6 22. Re1 Rc8 23. Rf4 Re7 24. e4 Rxc3 25. e5 Ra3 26. Nc6 Re8 27. Nxa7 Rxa2 28. e6 Rxc2 29. Ra4 Bb7 30. Rd4 Rxg2+ 31. Kf1 Rh2 32. Kg1 Rh1+ 33. Kf2 Rf8+ 34. Ke2 Bf3+ 35. Kd2 Rxh3 36. e7 Re8 37. Rd8 Bh5 38. Nc8 b5 39. Nd6 Rh2+ 40. Kc3 Rh3+ 41. Kb4 Rh4+ 42. Kxb5 g5 43. Nxe8 Kf7 44. Nd6+ Kf6 45. Rf8+ Kg7 46. Rff1 g4 47. Rh1 Rh3 48. Rxh3 gxh3 49. Rh1 Kf6 50. e8=Q Bxe8+ 51. Nxe8+ Ke7 52. Ng7 Kf7 53. Nh5 Kg6 54. Ng3 h5 55. Rxh3 Kg5 56. Ne4+ Kg4 57. Rh1 h4 58. Kc4 h3 59. Nf2+ Kg3 60. Nxh3 Kg2 61. Rc1 Kxh3 62. Rg1 Kh2 63. Rg8 Kh3 64. Kd4 Kh4 65. Ke4 Kh5 66. Kf5 Kh6 67. Kf6 Kh7 68. Rg1 Kh8 69. Rg2 Kh7 70. Rg3 Kh8 71. Kf7 Kh7 72. Rh3# 1-0

[Event "Live Chess"]
[Site "Chess.com"]
[Date "2011.01.21"]
[Round "-"]
[White "hipposcottimus"]
[Black "DavidEmery"]
[Result "1-0"]
[CurrentPosition "r2qkb1r/3bp1p1/p4nQ1/1pp1P1p1/3n1B2/2N5/PPP2PPP/R3K2R b KQ -"]
[Timezone "UTC"]
[ECO "B51"]
[ECOUrl "https://www.chess.com/openings/Sicilian-Defense-Canal-Attack-3...Nc6"]
[UTCDate "2011.01.21"]
[UTCTime "02:35:40"]
[WhiteElo "1407"]
[BlackElo "1508"]
[TimeControl "120+8"]
[Termination "hipposcottimus won by checkmate"]
[StartTime "02:35:40"]
[EndDate "2011.01.21"]
[EndTime "02:38:24"]
[Link "https://www.chess.com/game/live/89695880"]

1. e4 c5 2. Nf3 Nc6 3. Bb5 d6 4. d4 Bd7 5. dxc5 dxc5 6. Nc3 a6 7. Bc4 b5 8. Bxf7+ Kxf7 9. Ng5+ Ke8 10. Qf3 Nf6 11. Bf4 Nd4 12. Qd3 h6 13. e5 hxg5 14. Qg6# 1-0

[Event "Live Chess"]
[Site "Chess.com"]
[Date "2011.01.20"]
[Round "-"]
[White "MalikBerger"]
[Black "hipposcottimus"]
[Result "0-1"]
[CurrentPosition "r4rk1/pp4pp/8/3qB1Q1/3Pp1b1/P4n2/1PP2P1P/R3R1K1 w - -"]
[Timezone "UTC"]
[ECO "C60"]
[ECOUrl "https://www.chess.com/openings/Ruy-Lopez-Opening"]
[UTCDate "2011.01.20"]
[UTCTime "19:19:40"]
[WhiteElo "1400"]
[BlackElo "1395"]
[TimeControl "600+1"]
[Termination "hipposcottimus won by resignation"]
[StartTime "19:19:40"]
[EndDate "2011.01.20"]
[EndTime "19:28:39"]
[Link "https://www.chess.com/game/live/89581807"]

1. e4 e5 2. Nf3 Nc6 3. Bb5 Nce7 4. Nxe5 c6 5. Be2 d5 6. exd5 cxd5 7. d4 Nf5 8. Nc3 Bb4 9. Qd3 Nf6 10. O-O O-O 11. a3 Ba5 12. Bg5 Qd6 13. Bf3 Bxc3 14. Qxc3 Ne4 15. Bxe4 dxe4 16. Rfe1 f6 17. Bf4 fxe5 18. Bxe5 Qd5 19. g4 Nh4 20. Qe3 Bxg4 21. Qg5 Nf3+ 0-1

[Event "Live Chess"]
[Site "Chess.com"]
[Date "2011.01.20"]
[Round "-"]
[White "hipposcottimus"]
[Black "dirwin74"]
[Result "1-0"]
[CurrentPosition "r4rk1/1p2ppQp/p2p2p1/2p4N/2P2P2/3P4/PP3P1P/R5RK b - -"]
[Timezone "UTC"]
[ECO "B20"]
[ECOUrl "https://www.chess.com/openings/Sicilian-Defense"]
[UTCDate "2011.01.20"]
[UTCTime "18:59:12"]
[WhiteElo "1386"]
[BlackElo "1350"]
[TimeControl "300+3"]
[Termination "hipposcottimus won by checkmate"]
[StartTime "18:59:12"]
[EndDate "2011.01.20"]
[EndTime "19:04:11"]
[Link "https://www.chess.com/game/live/89576108"]

1. e4 c5 2. Bb5 a6 3. Be2 Nc6 4. c4 d6 5. Nf3 Nf6 6. d3 Nd4 7. Nc3 Nxe2 8. Nxe2 g6 9. Ng3 Bg7 10. O-O O-O 11. Qc2 Bg4 12. e5 Bxf3 13. exf6 Bxf6 14. gxf3 Bd4 15. Bh6 Bg7 16. Qd2 Qd7 17. Kh1 Qh3 18. Bxg7 Kxg7 19. Rg1 Qe6 20. Nh5+ Kg8 21. Qh6 Qe5 22. f4 Qg7 23. Qxg7# 1-0

[Event "Live Chess"]
[Site "Chess.com"]
[Date "2011.01.20"]
[Round "-"]
[White "hipposcottimus"]
[Black "Markjb"]
[Result "1-0"]
[CurrentPosition "r1bq1rk1/1p1ppp1p/p1n3p1/2p5/2P2B2/3P1B2/PQ3PPP/RN3RK1 b - -"]
[Timezone "UTC"]
[ECO "B20"]
[ECOUrl "https://www.chess.com/openings/Sicilian-Defense"]
[UTCDate "2011.01.20"]
[UTCTime "18:55:35"]
[WhiteElo "1379"]
[BlackElo "1317"]
[TimeControl "600+5"]
[Termination "hipposcottimus won by resignation"]
[StartTime "18:55:35"]
[EndDate "2011.01.20"]
[EndTime "18:57:38"]
[Link "https://www.chess.com/game/live/89575036"]

1. e4 c5 2. Bb5 a6 3. Be2 Nc6 4. c4 g6 5. Nf3 Bg7 6. O-O Nf6 7. d3 O-O 8. e5 Ng4 9. Bf4 Ngxe5 10. Qd2 Nxf3+ 11. Bxf3 Bxb2 12. Qxb2 1-0

[Event "Live Chess"]
[Site "Chess.com"]
[Date "2011.01.20"]
[Round "-"]
[White "ahmedelmasry"]
[Black "hipposcottimus"]
[Result "1-0"]
[CurrentPosition "r2q1b1r/ppp1kBpp/2n5/4p1B1/6b1/2PP1N2/PP3P2/RN1Q1RK1 b - -"]
[Timezone "UTC"]
[ECO "C23"]
[ECOUrl "https://www.chess.com/openings/Bishops-Opening-2...Nc6"]
[UTCDate "2011.01.20"]
[UTCTime "18:51:21"]
[WhiteElo "1487"]
[BlackElo "1372"]
[TimeControl "780"]
[Termination "ahmedelmasry won by resignation"]
[StartTime "18:51:21"]
[EndDate "2011.01.20"]
[EndTime "18:53:23"]
[Link "https://www.chess.com/game/live/89573780"]

1. e4 e5 2. Bc4 Nc6 3. c3 Nf6 4. d3 d5 5. exd5 Nxd5 6. Nf3 Bg4 7. O-O Nf6 8. h3 Bh5 9. g4 Nxg4 10. hxg4 Bxg4 11. Bxf7+ Ke7 12. Bg5+ 1-0

[Event "Live Chess"]
[Site "Chess.com"]
[Date "2011.01.20"]
[Round "-"]
[White "hipposcottimus"]
[Black "karimsabry"]
[Result "0-1"]
[CurrentPosition "5Bk1/1pp2p2/p1n3r1/4p2Q/2q5/8/PP4PP/5RK1 w - -"]
[Timezone "UTC"]
[ECO "C00"]
[ECOUrl "https://www.chess.com/openings/French-Defense-Normal-Variation"]
[UTCDate "2011.01.20"]
[UTCTime "18:34:57"]
[WhiteElo "1378"]
[BlackElo "1200"]
[TimeControl "600"]
[Termination "karimsabry won on time"]
[StartTime "18:34:57"]
[EndDate "2011.01.20"]
[EndTime "18:48:36"]
[Link "https://www.chess.com/game/live/89568969"]

1. e4 e6 2. d4 h6 3. e5 d6 4. Be2 a6 5. c4 Bd7 6. Nc3 Ne7 7. f4 Nf5 8. Nf3 Be7 9. Bd3 Nh4 10. O-O Nxf3+ 11. Rxf3 O-O 12. Rg3 Kh8 13. f5 exf5 14. Qh5 Kh7 15. Bxf5+ Bxf5 16. Qxf5+ g6 17. Qh3 h5 18. Ne4 dxe5 19. Ng5+ Bxg5 20. Bxg5 Qxd4+ 21. Be3 Qxc4 22. Rg5 Nc6 23. Rf1 Rae8 24. Rxh5+ gxh5 25. Qxh5+ Kg8 26. Bh6 Re6 27. Bxf8 Rg6 0-1

[Event "Live Chess"]
[Site "Chess.com"]
[Date "2011.01.20"]
[Round "-"]
[White "Tamsley"]
[Black "hipposcottimus"]
[Result "1-0"]
[CurrentPosition "5rk1/p2r1p1p/1p2PQp1/8/8/PP5B/1B6/5RK1 b - -"]
[Timezone "UTC"]
[ECO "D10"]
[ECOUrl "https://www.chess.com/openings/Slav-Defense-3.Nc3"]
[UTCDate "2011.01.20"]
[UTCTime "14:09:30"]
[WhiteElo "1438"]
[BlackElo "1378"]
[TimeControl "300"]
[Termination "Tamsley won on time"]
[StartTime "14:09:30"]
[EndDate "2011.01.20"]
[EndTime "14:19:13"]
[Link "https://www.chess.com/game/live/89501039"]

1. d4 d5 2. c4 c6 3. Nc3 Nd7 4. cxd5 cxd5 5. Nf3 e6 6. e3 Ngf6 7. Be2 Bb4 8. a3 Bd6 9. Nb5 Nb6 10. Nxd6+ Qxd6 11. O-O O-O 12. Ne5 Nfd7 13. Nxd7 Nxd7 14. b3 Nf6 15. f3 b6 16. Bd3 e5 17. Qc2 e4 18. fxe4 dxe4 19. Bxe4 Rb8 20. Bd3 Bb7 21. Bb2 Kh8 22. e4 Ng4 23. e5 Qh6 24. h3 Ne3 25. Qf2 Nxf1 26. Rxf1 Bc8 27. d5 Bxh3 28. gxh3 Qxh3 29. Bc2 Rbd8 30. d6 Rde8 31. d7 Rd8 32. Bf5 g6 33. Bxh3 Rxd7 34. Qf6+ Kg8 35. e6 1-0

[Event "Live Chess"]
[Site "Chess.com"]
[Date "2011.01.20"]
[Round "-"]
[White "hipposcottimus"]
[Black "anaksagor"]
[Result "1-0"]
[CurrentPosition "r1bQkbnr/1p3q1p/p1np4/1B2p3/P3P2B/8/1PP2PPP/RN2K2R b KQkq -"]
[Timezone "UTC"]
[ECO "C41"]
[ECOUrl "https://www.chess.com/openings/Philidor-Defense-3.d4"]
[UTCDate "2011.01.20"]
[UTCTime "14:01:40"]
[WhiteElo "1378"]
[BlackElo "1300"]
[TimeControl "540"]
[Termination "hipposcottimus won by checkmate"]
[StartTime "14:01:40"]
[EndDate "2011.01.20"]
[EndTime "14:03:15"]
[Link "https://www.chess.com/game/live/89499062"]

1. e4 e5 2. Nf3 d6 3. d4 Qf6 4. Bg5 Qe6 5. d5 Qd7 6. a4 f6 7. Bb5 c6 8. dxc6 Nxc6 9. Bh4 g5 10. Nxg5 fxg5 11. Qh5+ Qf7 12. Qxg5 a6 13. Qd8# 1-0

[Event "Live Chess"]
[Site "Chess.com"]
[Date "2011.01.20"]
[Round "-"]
[White "chaitanyaponnuru"]
[Black "hipposcottimus"]
[Result "0-1"]
[CurrentPosition "r6k/pp4pp/4B3/2b2p2/4p1n1/4P3/PPP1Q1Pq/R1B2RK1 w - -"]
[Timezone "UTC"]
[ECO "D02"]
[ECOUrl "https://www.chess.com/openings/Queens-Pawn-Opening-Krause-Variation-3.dxc5"]
[UTCDate "2011.01.20"]
[UTCTime "13:45:48"]
[WhiteElo "1399"]
[BlackElo "1371"]
[TimeControl "240+4"]
[Termination "hipposcottimus won by checkmate"]
[StartTime "13:45:48"]
[EndDate "2011.01.20"]
[EndTime "13:53:12"]
[Link "https://www.chess.com/game/live/89494953"]

1. d4 d5 2. Nf3 c5 3. dxc5 Bg4 4. e3 Bxf3 5. Qxf3 e5 6. Bb5+ Nc6 7. Nc3 e4 8. Qd1 Nf6 9. O-O Bxc5 10. f3 O-O 11. fxe4 dxe4 12. Kh1 Qc8 13. Bc4 Ng4 14. Qe2 Nce5 15. Bb3 Kh8 16. h3 f5 17. hxg4 Nxg4 18. Nd5 Qd8 19. Nf4 Rf6 20. Ne6 Rxe6 21. Bxe6 Qh4+ 22. Kg1 Qh2# 0-1

[Event "Live Chess"]
[Site "Chess.com"]
[Date "2011.01.20"]
[Round "-"]
[White "hipposcottimus"]
[Black "JLG777"]
[Result "0-1"]
[CurrentPosition "7r/4RBp1/p4k2/3p4/1Q1b1q2/8/P4PPP/2r1N1K1 w - -"]
[Timezone "UTC"]
[ECO "B20"]
[ECOUrl "https://www.chess.com/openings/Sicilian-Defense"]
[UTCDate "2011.01.20"]
[UTCTime "13:36:33"]
[WhiteElo "1362"]
[BlackElo "1383"]
[TimeControl "300"]
[Termination "JLG777 won on time"]
[StartTime "13:36:33"]
[EndDate "2011.01.20"]
[EndTime "13:44:21"]
[Link "https://www.chess.com/game/live/89492550"]

1. e4 c5 2. Bb5 a6 3. Be2 Nc6 4. Nf3 e6 5. c4 Qc7 6. d4 cxd4 7. Nxd4 Nf6 8. Bg5 Be7 9. Nxc6 bxc6 10. Bd3 Qb6 11. O-O Qxb2 12. Nd2 Qd4 13. Nf3 Qb6 14. Rb1 Qc7 15. e5 Ng8 16. Re1 f6 17. exf6 Nxf6 18. Qe2 O-O 19. Bxf6 Bxf6 20. Qe4 d5 21. Qxh7+ Kf7 22. Bg6+ Ke7 23. cxd5 cxd5 24. Rbd1 Bb7 25. Rc1 Qf4 26. Rb1 Rh8 27. Rxb7+ Kd6 28. Rxe6+ Kxe6 29. Bf7+ Kd6 30. Qb1 Rac8 31. Qb6+ Rc6 32. Qb1 Rc1+ 33. Ne1 Bd4 34. Qb4+ Ke5 35. Re7+ Kf6 0-1

[Event "Live Chess"]
[Site "Chess.com"]
[Date "2011.01.20"]
[Round "-"]
[White "hipposcottimus"]
[Black "clifford513"]
[Result "1-0"]
[CurrentPosition "r6r/1Q4p1/k2b4/p6p/4B3/4BN2/P5PP/7K b - -"]
[Timezone "UTC"]
[ECO "C57"]
[ECOUrl "https://www.chess.com/openings/Italian-Game-Fried-Liver-Attack-6...Kxf7-7.Qf3"]
[UTCDate "2011.01.20"]
[UTCTime "05:05:02"]
[WhiteElo "1370"]
[BlackElo "1438"]
[TimeControl "600"]
[Termination "hipposcottimus won by checkmate"]
[StartTime "05:05:02"]
[EndDate "2011.01.20"]
[EndTime "05:17:00"]
[Link "https://www.chess.com/game/live/89387771"]

1. e4 e5 2. Nf3 Nc6 3. Bc4 Nf6 4. Ng5 d5 5. exd5 Nxd5 6. Nxf7 Kxf7 7. Qf3+ Ke8 8. Bxd5 Qe7 9. d3 Nd4 10. Qd1 c6 11. Be4 h5 12. O-O Be6 13. f4 Qc5 14. Rf2 Bg4 15. Qd2 Be7 16. fxe5 Qxe5 17. c3 Ne2+ 18. Rxe2 Bxe2 19. Qxe2 Kd8 20. Nd2 Bd6 21. Nf3 Qc5+ 22. d4 Qb6 23. Bg5+ Kc7 24. Bg6 c5 25. Qe6 Qxb2 26. Rb1 Qxc3 27. dxc5 Qxc5+ 28. Kh1 a6 29. Rc1 Qxc1+ 30. Bxc1 a5 31. Qf7+ Kc6 32. Be4+ Kb6 33. Be3+ Ka6 34. Qxb7# 1-0

[Event "Live Chess"]
[Site "Chess.com"]
[Date "2011.01.20"]
[Round "-"]
[White "wowzer"]
[Black "hipposcottimus"]
[Result "0-1"]
[CurrentPosition "r4rk1/ppp2pp1/2b4p/2b2N2/4p2P/2P2P2/PP2KnP1/RNB4R b - -"]
[Timezone "UTC"]
[ECO "C50"]
[ECOUrl "https://www.chess.com/openings/Italian-Game"]
[UTCDate "2011.01.20"]
[UTCTime "04:48:12"]
[WhiteElo "1190"]
[BlackElo "1359"]
[TimeControl "480"]
[Termination "hipposcottimus won by resignation"]
[StartTime "04:48:12"]
[EndDate "2011.01.20"]
[EndTime "04:51:19"]
[Link "https://www.chess.com/game/live/89384444"]

1. e4 e5 2. Bc4 Nc6 3. Nf3 Nf6 4. c3 Nxe4 5. d3 Nf6 6. Nh4 d5 7. Bb5 Bd7 8. Nf3 Bd6 9. Ng5 O-O 10. Bxc6 Bxc6 11. h4 h6 12. Nf3 e4 13. dxe4 dxe4 14. Nd4 Bc5 15. Nf5 Qxd1+ 16. Kxd1 Ng4 17. f3 Nf2+ 18. Ke2 0-1

[Event "Live Chess"]
[Site "Chess.com"]
[Date "2011.01.18"]
[Round "-"]
[White "Simon_Templar"]
[Black "hipposcottimus"]
[Result "1-0"]
[CurrentPosition "r1bQ3k/2p3pp/2p5/p7/2BP4/8/PPn3PP/5RK1 b - -"]
[Timezone "UTC"]
[ECO "C55"]
[ECOUrl "https://www.chess.com/openings/Italian-Game-Two-Knights-Defense-4.O-O"]
[UTCDate "2011.01.18"]
[UTCTime "04:03:40"]
[WhiteElo "1463"]
[BlackElo "1354"]
[TimeControl "360"]
[Termination "Simon_Templar won by checkmate"]
[StartTime "04:03:40"]
[EndDate "2011.01.18"]
[EndTime "04:07:41"]
[Link "https://www.chess.com/game/live/88714576"]

1. e4 e5 2. Nf3 Nc6 3. Bc4 Nf6 4. O-O d5 5. exd5 Nxd5 6. d4 e4 7. Ne5 Be7 8. Nxc6 bxc6 9. Be3 O-O 10. Nd2 f5 11. f3 a5 12. fxe4 fxe4 13. Nxe4 Kh8 14. Qh5 Nxe3 15. Rxf8+ Qxf8 16. Ng5 Bxg5 17. Qxg5 Nxc2 18. Rf1 Qd8 19. Qxd8# 1-0

[Event "Live Chess"]
[Site "Chess.com"]
[Date "2011.01.18"]
[Round "-"]
[White "Croom"]
[Black "hipposcottimus"]
[Result "0-1"]
[CurrentPosition "rn3rk1/ppN4p/2b2p2/2b3pK/8/7q/PPP4P/R1BQR3 w - -"]
[Timezone "UTC"]
[ECO "C31"]
[ECOUrl "https://www.chess.com/openings/Kings-Gambit-Declined-Falkbeer-Accepted-Staunton-Line-4.Nc3-Nf6"]
[UTCDate "2011.01.18"]
[UTCTime "03:43:05"]
[WhiteElo "1853"]
[BlackElo "1656"]
[TimeControl "60"]
[Termination "hipposcottimus won by checkmate"]
[StartTime "03:43:05"]
[EndDate "2011.01.18"]
[EndTime "03:44:44"]
[Link "https://www.chess.com/game/live/88710173"]

1. e4 e5 2. f4 d5 3. exd5 e4 4. Nc3 Nf6 5. Bc4 c6 6. d3 cxd5 7. Nxd5 Nxd5 8. Bxd5 Qxd5 9. dxe4 Qxe4+ 10. Kf1 Bd7 11. Nf3 Bb5+ 12. Kf2 Bc5+ 13. Kg3 O-O 14. Re1 Qg6+ 15. Ng5 f6 16. f5 Qxf5 17. Ne6 Qg6+ 18. Kh3 Bc6 19. Nc7 Qxg2+ 20. Kh4 g5+ 21. Kh5 Qh3# 0-1

[Event "Live Chess"]
[Site "Chess.com"]
[Date "2011.01.18"]
[Round "-"]
[White "hipposcottimus"]
[Black "Croom"]
[Result "1-0"]
[CurrentPosition "3rr3/p1p3pp/3b1p1k/3Q3P/5P2/8/2q3P1/1R2R2K b - -"]
[Timezone "UTC"]
[ECO "B01"]
[ECOUrl "https://www.chess.com/openings/Scandinavian-Defense-Mieses-Kotrc-Main-Line-4.d4-Nf6-5.Bd2-Bg4"]
[UTCDate "2011.01.18"]
[UTCTime "03:40:41"]
[WhiteElo "1643"]
[BlackElo "1864"]
[TimeControl "60"]
[Termination "hipposcottimus won on time"]
[StartTime "03:40:41"]
[EndDate "2011.01.18"]
[EndTime "03:42:56"]
[Link "https://www.chess.com/game/live/88709667"]

1. e4 d5 2. exd5 Qxd5 3. Nc3 Qa5 4. d4 Nf6 5. Bd2 Bg4 6. Nce2 Qh5 7. f3 Bf5 8. Ng3 Qg6 9. Nxf5 Qxf5 10. Ne2 Nc6 11. Ng3 Qg6 12. Be2 Nxd4 13. Bd3 Ne4 14. Bxe4 Qe6 15. O-O O-O-O 16. Bc3 Qb6 17. b3 Nxb3+ 18. Bd4 Nxd4 19. Kh1 Nf5 20. Qe1 Nxg3+ 21. Qxg3 e6 22. Rab1 Qa5 23. Bxb7+ Kd7 24. Rfd1+ Bd6 25. Qf2 Ke7 26. Qh4+ f6 27. Qd4 Qxa2 28. Bc6 Qxc2 29. Bd5 exd5 30. Re1+ Kf7 31. Qxd5+ Kg6 32. h4 Rhe8 33. h5+ Kh6 34. f4 1-0

[Event "Live Chess"]
[Site "Chess.com"]
[Date "2011.01.18"]
[Round "-"]
[White "Croom"]
[Black "hipposcottimus"]
[Result "1-0"]
[CurrentPosition "r1b2rk1/ppp2ppp/6n1/2b3NQ/8/8/PPPP2PP/R1B2B1K b - -"]
[Timezone "UTC"]
[ECO "C31"]
[ECOUrl "https://www.chess.com/openings/Kings-Gambit-Declined-Falkbeer-Countergambit"]
[UTCDate "2011.01.18"]
[UTCTime "03:39:35"]
[WhiteElo "1876"]
[BlackElo "1629"]
[TimeControl "60"]
[Termination "Croom won by resignation"]
[StartTime "03:39:35"]
[EndDate "2011.01.18"]
[EndTime "03:40:33"]
[Link "https://www.chess.com/game/live/88709438"]

1. e4 e5 2. f4 d5 3. fxe5 dxe4 4. Nc3 Nc6 5. Nxe4 Nxe5 6. Qh5 Ng6 7. Bd3 Nf6 8. Nxf6+ Qxf6 9. Nf3 Be7 10. O-O O-O 11. Ng5 Bc5+ 12. Kh1 Qxf1+ 13. Bxf1 1-0

[Event "Live Chess"]
[Site "Chess.com"]
[Date "2011.01.18"]
[Round "-"]
[White "hipposcottimus"]
[Black "Croom"]
[Result "0-1"]
[CurrentPosition "2k2rr1/1pp5/pbb1RB2/3p3N/3P4/2P5/PP1N1PqP/R2Q2K1 w - -"]
[Timezone "UTC"]
[ECO "B01"]
[ECOUrl "https://www.chess.com/openings/Scandinavian-Defense-2.e5"]
[UTCDate "2011.01.18"]
[UTCTime "03:38:03"]
[WhiteElo "1632"]
[BlackElo "1873"]
[TimeControl "60"]
[Termination "Croom won by checkmate"]
[StartTime "03:38:03"]
[EndDate "2011.01.18"]
[EndTime "03:39:27"]
[Link "https://www.chess.com/game/live/88709084"]

1. e4 d5 2. e5 e6 3. d4 Nc6 4. Nf3 Bb4+ 5. c3 Ba5 6. Nbd2 f6 7. Nb3 Bb6 8. Bf4 Bd7 9. Bb5 a6 10. Bxc6 Bxc6 11. O-O Qe7 12. Re1 O-O-O 13. Nbd2 g5 14. exf6 Nxf6 15. Be5 h5 16. Nxg5 Rhg8 17. Nh3 Qg7 18. Nf4 Qh7 19. Bxf6 Rdf8 20. Nxh5 Qg6 21. Rxe6 Qxg2# 0-1

[Event "Live Chess"]
[Site "Chess.com"]
[Date "2011.01.18"]
[Round "-"]
[White "Croom"]
[Black "hipposcottimus"]
[Result "0-1"]
[CurrentPosition "5R2/6pp/2QK1rk1/5p2/8/7P/8/8 w - -"]
[Timezone "UTC"]
[ECO "C47"]
[ECOUrl "https://www.chess.com/openings/Four-Knights-Game-Italian-Variation"]
[UTCDate "2011.01.18"]
[UTCTime "03:35:34"]
[WhiteElo "1870"]
[BlackElo "1635"]
[TimeControl "60"]
[Termination "hipposcottimus won on time"]
[StartTime "03:35:34"]
[EndDate "2011.01.18"]
[EndTime "03:37:45"]
[Link "https://www.chess.com/game/live/88708560"]

1. e4 e5 2. Nf3 Nc6 3. Bc4 Nf6 4. Nc3 d5 5. exd5 Na5 6. Bd3 Nxd5 7. Nxd5 Qxd5 8. c4 Nxc4 9. Bxc4 Qxc4 10. Nxe5 Qe6 11. Qe2 Bd6 12. d4 f6 13. Nf3 Qxe2+ 14. Kxe2 O-O 15. Re1 Bg4 16. h3 Bxf3+ 17. Kxf3 Rfe8 18. Rxe8+ Rxe8 19. Be3 b6 20. a3 c5 21. dxc5 Bxc5 22. Bxc5 bxc5 23. Rc1 Rc8 24. Rc4 a5 25. Ra4 Ra8 26. Ke4 Ra7 27. Kd5 Ra6 28. Kxc5 Ra8 29. Kb5 Rb8+ 30. Kxa5 Rxb2 31. Rb4 Rxf2 32. Rb8+ Kf7 33. Kb6 Kg6 34. a4 Rxg2 35. a5 Rb2+ 36. Kc7 Ra2 37. Ra8 Ra4 38. a6 Rh4 39. a7 f5 40. Rf8 Rc4+ 41. Kb6 Rb4+ 42. Kc5 Rb7 43. a8=Q Rc7+ 44. Kd6 Rf7 45. Qc6 Rf6+ 0-1

[Event "Live Chess"]
[Site "Chess.com"]
[Date "2011.01.18"]
[Round "-"]
[White "hipposcottimus"]
[Black "Croom"]
[Result "0-1"]
[CurrentPosition "1kb5/p6p/8/4b3/6rK/8/P6P/8 w - -"]
[Timezone "UTC"]
[ECO "B01"]
[ECOUrl "https://www.chess.com/openings/Scandinavian-Defense-Mieses-Kotrc-Main-Line"]
[UTCDate "2011.01.18"]
[UTCTime "03:33:03"]
[WhiteElo "1621"]
[BlackElo "1882"]
[TimeControl "60"]
[Termination "Croom won on time"]
[StartTime "03:33:03"]
[EndDate "2011.01.18"]
[EndTime "03:35:14"]
[Link "https://www.chess.com/game/live/88707947"]

1. e4 d5 2. exd5 Qxd5 3. Nc3 Qa5 4. Be2 Nf6 5. d4 Nc6 6. Bd2 Bf5 7. Nb5 Qb6 8. d5 Nd4 9. Nxd4 Qxd4 10. Be3 Qxb2 11. Nf3 Ng4 12. Rb1 Qc3+ 13. Bd2 Qc5 14. Bb5+ c6 15. Be3 Nxe3 16. fxe3 Qxe3+ 17. Qe2 Qxe2+ 18. Kxe2 cxb5 19. Rxb5 Bxc2 20. Rxb7 e6 21. Rc1 Be4 22. dxe6 fxe6 23. Ne5 Bxb7 24. Rc7 Ba6+ 25. Kf2 Bd6 26. Rxg7 O-O-O 27. Nf7 Be5 28. Nxd8 Bxg7 29. Nxe6 Be5 30. Nf4 Rf8 31. Kf3 Rxf4+ 32. Kg3 Ra4+ 33. Kh3 Bb7 34. g3 Kb8 35. g4 Bc8 36. Kh4 Rxg4+ 0-1

[Event "Live Chess"]
[Site "Chess.com"]
[Date "2011.01.18"]
[Round "-"]
[White "Croom"]
[Black "hipposcottimus"]
[Result "1-0"]
[CurrentPosition "r5rk/pp3p2/2n1bN1Q/2p2P1P/3p4/3P2R1/nPP3P1/1K1R4 b - -"]
[Timezone "UTC"]
[ECO "C47"]
[ECOUrl "https://www.chess.com/openings/Four-Knights-Game-Italian-Variation"]
[UTCDate "2011.01.18"]
[UTCTime "03:30:46"]
[WhiteElo "1879"]
[BlackElo "1624"]
[TimeControl "60"]
[Termination "Croom won by checkmate"]
[StartTime "03:30:46"]
[EndDate "2011.01.18"]
[EndTime "03:32:44"]
[Link "https://www.chess.com/game/live/88707434"]

1. e4 e5 2. Nf3 Nc6 3. Bc4 Nf6 4. Nc3 Na5 5. Bd3 c6 6. Nxe5 d6 7. Nf3 c5 8. Nd5 Nc6 9. Bc4 Nxe4 10. d3 Nf6 11. Bg5 Be7 12. Nxe7 Qxe7+ 13. Be3 O-O 14. Qd2 d5 15. O-O-O d4 16. Bg5 Qd6 17. h4 Nd5 18. h5 h6 19. Bxh6 gxh6 20. Rh3 Kh7 21. Ng5+ Kg7 22. Ne4 Qe6 23. Rg3+ Kh7 24. f4 Ndb4 25. Bxe6 Nxa2+ 26. Kb1 Bxe6 27. Nf6+ Kh8 28. f5 Rg8 29. Qxh6# 1-0

[Event "Live Chess"]
[Site "Chess.com"]
[Date "2011.01.18"]
[Round "-"]
[White "hipposcottimus"]
[Black "Croom"]
[Result "1-0"]
[CurrentPosition "r1k5/p1Q2R2/2p5/8/3p4/8/P5PP/6K1 b - -"]
[Timezone "UTC"]
[ECO "C02"]
[ECOUrl "https://www.chess.com/openings/French-Defense-Advance-Nimzowitsch-System"]
[UTCDate "2011.01.18"]
[UTCTime "03:28:23"]
[WhiteElo "1627"]
[BlackElo "1876"]
[TimeControl "60"]
[Termination "hipposcottimus won by checkmate"]
[StartTime "03:28:23"]
[EndDate "2011.01.18"]
[EndTime "03:30:28"]
[Link "https://www.chess.com/game/live/88706862"]

1. e4 e6 2. Nf3 d5 3. e5 c5 4. d4 Nc6 5. Bb5 Qa5+ 6. Nc3 Bd7 7. Bxc6 Bxc6 8. Bd2 cxd4 9. Nxd4 f6 10. Nxc6 bxc6 11. O-O fxe5 12. f4 exf4 13. Rxf4 e5 14. Rf5 Bd6 15. Qf3 Nh6 16. Bxh6 gxh6 17. Qh5+ Kd7 18. Qxh6 d4 19. Qg7+ Be7 20. Ne4 Rhg8 21. Qf7 Qb5 22. Qxh7 Qxb2 23. Raf1 Qxc2 24. Rf7 Qxe4 25. Qxe4 Rgc8 26. Qxe5 Rf8 27. Qf5+ Ke8 28. Qe6 Rxf7 29. Rxf7 Kd8 30. Qxe7+ Kc8 31. Qc7# 1-0